 Dungeon Crawl Stone Soup version 0.31-a0-662-g684573625c (webtiles) character file.

Game seed: 5696499790667762642

1849 SmokeWeed the Thaumaturge (level 8, -1/43 HPs)
             Began as a Deep Elf Summoner on Sept 1, 2023.
             Was an Initiate of Dithmenos.
             Slain by an orc warrior
             ... wielding a +0 glaive of venom
              (13 damage)
             ... on level 7 of the Dungeon.
             The game lasted 00:27:56 (5593 turns).

SmokeWeed the Thaumaturge (Deep Elf Summoner)       Turns: 5593, Time: 00:27:56

Health: -1/43      AC:  4    Str:  5    XL:     8   Next: 88%
Magic:  20/24      EV: 12    Int: 29    God:    Dithmenos [......]
Gold:   475        SH:  0    Dex: 15    Spells: 17/27 levels left

rFire   . . .        x - +2 short sword (vamp)
rCold   . . .        (no shield)
rNeg    . . .        q - +0 troll leather armour {Pargi}
rPois   .            (no helmet)
rElec   .            (no cloak)
rCorr   .            (no gloves)
SInv    .            c - +0 pair of boots
Will    .....        (no amulet)
Stlth   ++           j - +6 ring of intelligence
HPRegen 1.07/turn    k - ring of wizardry
MPRegen 0.19/turn

%: wizardry (x1)
@: no status effects
A: no striking features
a: Renounce Religion


You were on level 7 of the Dungeon.
You worshipped Dithmenos.
Dithmenos was noncommittal.
You visited 2 branches of the dungeon, and saw 8 of its levels.
You also visited: Sewer.

You collected 475 gold pieces.

Inventory:

Hand Weapons
 i - a +0 dagger of venom
 x - a +2 vampiric short sword (weapon)
 C - a +2 dagger of flaming
Missiles
 o - 19 poisoned darts
 D - a curare-tipped dart
Armour
 a - a +0 robe
 c - a +0 pair of boots (worn)
 q - a +0 troll leather armour (worn) {Pargi}
 v - a +4 ring mail
Magical Staves
 t - a staff of air
Jewellery
 j - a +6 ring of intelligence (left hand)
 k - a ring of wizardry (right hand)
 l - an amulet of regeneration
Wands
 z - a wand of polymorph (12)
 B - a wand of flame (10)
Scrolls
 d - 2 scrolls of vulnerability
 y - a scroll of identify
 A - a scroll of poison
Potions
 b - a potion of magic
 e - a potion of haste
 f - a potion of brilliance
 g - 2 potions of might {unknown}
 h - a potion of degeneration {unknown}
 m - a potion of attraction {unknown}
 n - a potion of resistance
 p - 2 potions of heal wounds
 r - a potion of invisibility {unknown}
 s - a potion of enlightenment {unknown}
 u - 2 potions of lignification {unknown}
 w - a potion of experience {unknown}


   Skills:
 + Level 1.4 Fighting
 + Level 1.3 Short Blades
 + Level 2.2 Armour
 + Level 3.5 Dodging
 + Level 3.1 Stealth
 + Level 10.4 Spellcasting
 + Level 8.8 Summonings
 + Level 1.0 Air Magic


You had 17 spell levels left.
You knew the following spells:

 Your Spells              Type           Power      Damage    Failure   Level
a - Summon Small Mammal   Summ           100%       N/A       1%          1
b - Call Imp              Summ           100%       N/A       1%          2
c - Call Canine Familiar  Summ           61%        N/A       1%          3
d - Summon Lightning Spi  Summ/Air       43%        N/A       3%          4

Your spell library contained the following spells:

 Spells                   Type           Power      Damage    Failure   Level
 Summon Guardian Golem    Hex/Summ       40%        N/A       1%          3
 Sting                    Tmut/Pois      60%        1d6       2%          1
 Poisonous Vapours        Pois/Air       36%        N/A       2%          2
 Dazzling Flash           Conj/Hex       30%        N/A       7%          3
 Ignite Poison            Fire/Tmut/Pois 15%        N/A       7%          3
 Inner Flame              Hex/Fire       15%        N/A       7%          3
 Volatile Blastmotes      Fire/Tloc      30%        2d12      7%          3
 Olgreb's Toxic Radiance  Pois           15%        N/A       22%         4
 Sticky Flame             Conj/Fire      15%        2d4       22%         4
 Yara's Violent Unravell  Hex/Tmut       7%         3d5       52%         5
 Starburst                Conj/Fire      7%         6d4       96%         6
 Enfeeble                 Hex            7%         N/A       100%        7
 Ignition                 Fire           7%         3d5       100%        8
 Maxwell's Capacitive Co  Air            10%        ∞         100%        8


Dungeon Overview and Level Annotations

Branches:
Dungeon (7/15)             Temple (1/1) D:6           Sewer (visited)

Altars:
Ashenzari
Cheibriados
Dithmenos
Elyvilon
Fedhas
Hepliaklqana
Kikubaaqudgha
Nemelex Xobeh
Okawaru
Qazlal
Ru
Sif Muna
Vehumet
Wu Jian
Xom
Yredelemnul
Zin
The Shining One


Message History

The orc warrior hits you with a +0 mace!
The orc warrior hits your cerulean imp with a +0 glaive of venom!!
Your cerulean imp dies!
Your cerulean imp disappears in a puff of smoke!
You hit the orc warrior but do no damage.
The orc warrior is heavily wounded.
Your quokka bites the orc warrior but does no damage.
The orc warrior hits you with a +0 mace!
Your quokka barely misses the orc warrior.
The orc warrior attacks as it pursues you!
The orc warrior hits you with a +0 mace.
Casting: Summon Small Mammal (safe; 1% risk of failure)
Confirm with . or Enter, or press ? or * to list all spells.
Your quokka completely misses the orc warrior.
The orc warrior barely misses your quokka.
The orc warrior hits you with a +0 mace.
* * * LOW HITPOINT WARNING * * *
Your quokka barely misses the orc warrior.
The orc warrior hits you with a +0 mace!
* * * LOW HITPOINT WARNING * * *
The orc warrior hits your warg with a +0 mace!
The orc warrior barely misses you.
Your quokka barely misses the orc warrior.
Your warg misses the orc warrior. The orc warrior closely misses you.
The orc warrior hits your warg with a +0 mace.
Your quokka bites the orc warrior.
Your warg bites the orc warrior.
The orc warrior hits your warg with a +0 mace!
Your quokka barely misses the orc warrior.
Your warg closely misses the orc warrior.
Things that are here:
a +0 hand axe; an orc corpse Your warg closely misses the orc warrior.
Your quokka bites the orc warrior.
The orc warrior misses you.
Things that are here:
a +0 giant spiked club; a kobold corpse; an ogre corpse Your warg bites the orc warrior.
The orc warrior attacks as it pursues you!
The orc warrior hits you from afar with a +0 glaive of venom!
You die...

###....# ##### ..
#..... ##.'....#
##...###.#$..##....
...#....#
##......'..$# #..#.
.###....#
##.r#.#..#.#$..##....
## ####.# #..h.#...#
.. #..... ####
>.######..#.#..#
##....#.. ...#
##....##.o....#
#....... ...+
##......##)..###
###.....
...####..#..#..#@###
#.....
##..#.'...##...#.#
#....#
##...)†..##...#.#
#....
#####..#..#5.'.#
#.... ##......##.#
#... ##....###.#
###### #.# #+#


You could see an orc warrior, a friendly warg (summoned) and a friendly quokka
(summoned).

Vanquished Creatures
  A scorpion (D:4)
  A wight (D:5)
  An orc priest (D:5)
  An adder (D:3)
  A dart slug (D:2)
  A bat (D:2)
  A giant cockroach (D:1)
  3 goblins (D:2)
  A hobgoblin (D:2)
  2 quokkas
  2 rats
15 creatures vanquished.

Vanquished Creatures (collateral kills)
  Sigmund (D:5)
  Pargi (Sewer)
  A black bear (D:5)
  An ice beast (D:6)
  3 ogres
  2 phantoms
  A kobold brigand (D:7)
  A scorpion (D:7)
  A wight (D:5)
  5 killer bees (D:6)
  A jelly (D:4)
  An orc priest (D:4)
  2 hounds
  2 sleepcaps
  2 iguanas (D:5)
  2 orc wizards
  7 adders
  A shadow imp (D:7)
  2 white imps (D:5)
  An ufetubus (D:5)
  A worm (D:3)
  6 dart slugs
  11 orcs
  6 ball pythons
  7 endoplasms
  4 giant cockroaches
  7 goblins
  4 hobgoblins
  3 quokkas
  3 bats
  4 frilled lizards
  7 kobolds
  9 rats
110 creatures vanquished.

Grand Total: 125 creatures vanquished

Notes
Turn   | Place    | Note
-------+----------+-------------------------------------------
     0 | D:1      | SmokeWeed the Deep Elf Summoner began the quest for the
                  | Orb.
     0 | D:1      | Reached XP level 1. HP: 10/10 MP: 6/6
   120 | D:1      | Reached XP level 2. HP: 12/15 MP: 6/8
   273 | D:1      | Reached skill level 5 in Summonings
   302 | D:1      | Learned a level 2 spell: Call Imp
   498 | D:1      | Reached XP level 3. HP: 19/19 MP: 5/9
  1147 | D:2      | Reached skill level 4 in Spellcasting
  1206 | D:2      | Learned a level 3 spell: Call Canine Familiar
  1270 | D:2      | Found a basalt altar of Yredelemnul.
  1340 | D:2      | Reached XP level 4. HP: 24/24 MP: 8/12
  2401 | D:3      | Found a glowing drain.
  2429 | Sewer    | Entered a sewer
  2622 | Sewer    | Noticed Pargi
  2635 | Sewer    | Killed Pargi
  2636 | Sewer    | Reached skill level 5 in Spellcasting
  2636 | Sewer    | Reached XP level 5. HP: 21/28 MP: 8/14
  2765 | D:3      | Found a shimmering altar of Xom.
  2781 | D:3      | Found a shimmering altar of Xom.
  2902 | D:3      | Found a shimmering altar of Xom.
  2902 | D:3      | Found a shimmering altar of Xom.
  3269 | D:4      | Reached XP level 6. HP: 33/33 MP: 6/16
  3341 | D:4      | Learned a level 4 spell: Summon Lightning Spire
  3423 | D:4      | Reached skill level 6 in Spellcasting
  3776 | D:5      | Entered Level 5 of the Dungeon
  3909 | D:5      | HP: 1/33 [white imp/puff of frost (7)]
  3983 | D:5      | Reached XP level 7. HP: 30/37 MP: 14/19
  4178 | D:5      | Reached skill level 7 in Spellcasting
  4273 | D:5      | Found a hazy altar of Hepliaklqana.
  4538 | D:5      | Noticed Sigmund
  4540 | D:5      | Reached skill level 1 in Armour
  4543 | D:5      | Killed Sigmund
  4544 | D:5      | Reached skill level 1 in Short Blades
  4549 | D:5      | Reached skill level 8 in Spellcasting
  4600 | D:5      | Reached skill level 1 in Fighting
  4600 | D:5      | Reached XP level 8. HP: 13/43 MP: 16/22
  4783 | D:6      | Found a staircase to the Ecumenical Temple.
  4802 | Temple   | Entered the Ecumenical Temple
  4841 | Temple   | Became a worshipper of Dithmenos the Shadowed
  5011 | D:6      | Reached skill level 9 in Spellcasting
  5409 | D:7      | Reached skill level 10 in Spellcasting
  5421 | D:7      | Reached skill level 1 in Air Magic
  5593 | D:7      | Slain by an orc warrior

Illustrated notes

Levels and vault maps discovered:
D:1:      minmay_arrival_plants_in_alcoves, layout_basic
D:2:      layout_loops_ring, basic_altar
D:3:      layout_loops_ring, xom_redecorated, portal_sewer_entry_a
D:4:      layout_gridville
D:5:      layout_rooms, kennysheep_mini, uniq_sigmund
D:6:      wander_river, layout_basic, temple_fountains, kennysheep_boxes
D:7:      minmay_polygon_palace, layout_basic, kennysheep_big_empty_room,
          uniq_duvessa
Temple:   regret_index_temple_waves

Skill      XL: |  1  2  3  4  5  6  7  8 |
---------------+-------------------------+-----
Summonings     | 5 6 7 8 |  8.8
Spellcasting   | 4 5 6 8 10 | 10.4
Dodging        | 3 |  3.5
Armour         | 1 2 |  2.2
Short Blades   | 1 |  1.3
Stealth        | 3 |  3.1
Fighting       | 1 |  1.4
Air Magic      | 1 |  1.0

Action                     |  1- 3 |  4- 6 |  7- 9 || total
---------------------------+-------+-------+-------++-------
  Melee: Unarmed           |     1 |       |       ||     1
         Dagger            |    62 |    30 |       ||    92
         Punch             |     1 |       |       ||     1
         Short sword       |       |       |    17 ||    17
   Cast: Summon Small Mamm |    41 |    23 |     6 ||    70
         Call Imp          |     3 |    30 |    20 ||    53
         Call Canine Famil |     2 |    20 |    23 ||    45
         Summon Lightning  |       |       |     2 ||     2
    Use: Scroll            |       |    10 |     4 ||    14
   Stab: Sleeping          |     1 |       |       ||     1
 Armour: Robe              |    56 |    19 |       ||    75
         Troll leather arm |       |    19 |    35 ||    54
  Dodge: Dodged            |    64 |    33 |    33 ||   130

Table legend: (Time is in decaauts)
 A = Elapsed time spent in this place.
 B = Non-inter-level travel time spent in this place.
 C = Inter-level travel time spent in this place.
 D = Time resting spent in this place.
 E = Time spent auto-exploring this place.
 F = Levels seen in this place.
 G = Mean time per level.
                   A        B        C        D        E       F      G
               +--------+--------+--------+--------+--------+-----+--------+
         Total |   5626 |   5415 |    211 |    188 |   3446 |   9 |  625.1 |
       Dungeon |   5280 |   5069 |    211 |    178 |   3372 |   7 |  754.3 |
        Temple |     63 |     63 |      0 |      0 |      0 |   1 |   63.0 |
         Sewer |    283 |    283 |      0 |     10 |     74 |   1 |  283.0 |
               +--------+--------+--------+--------+--------+-----+--------+

Top non-repeatable levels by time:
     D:2: 997 daAuts
     D:3: 961 daAuts
     D:5: 910 daAuts
     D:1: 878 daAuts
     D:4: 669 daAuts
     D:6: 488 daAuts
     D:7: 373 daAuts
   Sewer: 283 daAuts
  Temple: 63 daAuts
